 Dungeon Crawl Stone Soup version 0.13.0-6-g40e4d2d (webtiles) character file.

238 Piginabag the Ruffian (level 4, -2/37 HPs)
             Began as a Ghoul Monk on Oct 15, 2013.
             Slain by an orc
             ... wielding a +0,+1 orcish club
              (3 damage)
             ... on Level 3 of the Dungeon.
             The game lasted 00:09:12 (2253 turns).

Piginabag the Ruffian (Ghoul Monk)                  Turns: 2253, Time: 00:09:12

HP  -2/37        AC  3     Str 14      XL: 4   Next: 48%
MP   2/2         EV 12     Int  5      God:
Gold 153         SH  0     Dex 12      Spells:  0 memorised,  3 levels left

Res.Fire  : . . .   See Invis. : .     - Unarmed
Res.Cold  : + . .   Warding    : .   l - +0 leather armour (curse)
Life Prot.: + + +   Conserve   : .   (no shield)
Res.Poison: +       Res.Corr.  : .   (no helmet)
Res.Elec. : .       Clarity    : .   (no cloak)
Sust.Abil.: . .     Spirit.Shd : .   (no gloves)
Res.Mut.  : .       Stasis     : .   (no boots)
Res.Rott. : +       Flight     : .   (no amulet)
Saprovore : + + +                    (no ring)
                                     (no ring)

@: rotting, slightly resistant to hostile enchantments, fairly stealthy
A: rotting body, claws 1, carnivore 3, cold resistance 1, life protection 3,
poison resistance, saprovore 3, slow healing 1, torment resistance, unbreathing
a: no special abilities


You were on level 3 of the Dungeon.
You were not hungry.

You visited 1 branch of the dungeon, and saw 4 of its levels.

You collected 153 gold pieces.

Inventory:

Armour
 a - a +0 robe
 l - a cursed +0 leather armour (worn)
 r - a +4 elven ring mail of cold resistance
Comestibles
 j - a cheese
 n - a meat ration
 p - a chunk of bat flesh
 v - a chunk of ball python flesh
 w - a sausage
Scrolls
 b - 4 scrolls of remove curse {unknown}
 c - a scroll of teleportation
 d - 2 scrolls of blinking
 f - a scroll of enchant armour
 g - 2 scrolls of fog
 k - a scroll of identify
 m - a scroll of recharging {unknown}
Jewellery
 u - an uncursed ring of magical power {unknown}
Potions
 e - a potion of slowing {unknown}
 h - a potion of curing {unknown}
 i - a potion of heal wounds {unknown}
 o - a potion of agility {unknown}
 t - a potion of beneficial mutation {unknown}


   Skills:
 + Level 3.7 Fighting
 + Level 0.6 Armour
 + Level 3.2 Dodging
 + Level 3.0 Stealth
 + Level 5.1 Unarmed Combat


You had 3 spell levels left.
You didn't know any spells.

Dungeon Overview and Level Annotations

Branches:
Dungeon (4/27)
 Temple: D:4-7

Altars:
Zin


Innate Abilities, Weirdness & Mutations

Your body is rotting away.
You have sharp fingernails.
You are carnivorous and can eat meat at any time.
Your flesh is cold resistant.
You are immune to negative energy.
Your system is resistant to poisons.
You thrive on rotten meat.
You heal slowly.
You are immune to unholy pain and torment.
You can survive without breathing.


Message History

You see here an orcish dagger.
The orc closely misses you.
You climb upwards.
There is a stone staircase leading down here.
You closely miss the orc. The orc hits you with an orcish club.
* * * LOW HITPOINT WARNING * * *
You hit the orc.
The orc begins to bleed from its wounds!
The orc is lightly wounded.
The orc closely misses you.
You hit the orc.
The orc is moderately wounded.
The orc hits you with an orcish club.
* * * LOW HITPOINT WARNING * * *
You hit the orc but do no damage.
The orc is moderately wounded.
You closely miss the orc.
The orc is moderately wounded.
The orc hits you with an orcish club.
You die...

#########
##########........
#@o..............#
####'########.#####..
#.....#######.# #.#
#.............# #.#
#####......######## #.#
#..............# #.#
#.....).%......# #.#
#......#.#.....########.#
#......#.#..............#


You could see an orc (bleeding).

Vanquished Creatures
  2 adders (D:2)
  A giant mite (D:3)
  2 giant geckos
  2 oozes
  2 orcs (D:4)
  A ball python (D:3)
  8 bats
  9 goblins
  10 hobgoblins
  2 kobolds
  2 giant cockroaches
  2 giant newts
  6 rats
49 creatures vanquished.

Notes
Turn   | Place    | Note
--------------------------------------------------------------
     0 | D:1      | Piginabag, the Ghoul Monk, began the quest for the Orb.
     0 | D:1      | Reached XP level 1. HP: 17/17 MP: 0/0
    95 | D:1      | Reached XP level 2. HP: 21/24 MP: 1/1
   573 | D:2      | Reached skill level 5 in Unarmed Combat
   573 | D:2      | Reached XP level 3. HP: 25/30 MP: 2/2
  1023 | D:2      | Found a glowing silver altar of Zin.
  1641 | D:3      | Reached XP level 4. HP: 25/37 MP: 2/2
  2251 | D:3      | HP: 1/37 [orc/orcish club (3)]
  2253 | D:3      | Slain by an orc

Action                   |  1- 3 |  4- 6 || total
-------------------------+-------+-------++-------
Melee: Unarmed           |    88 |    51 ||   139
  Use: Scroll            |     5 |     5 ||    10
 Stab: Sleeping          |     2 |     1 ||     3
